 Dungeon Crawl Stone Soup version 0.28-a0-612-gcfc00ec14d (webtiles) character file.

Game seed: 13602325755612815525

137 bande the Covered (level 5, -2/33 HPs)
             Began as a Gargoyle Fighter on Oct 5, 2021.
             Killed from afar by an orc wizard (7 damage)
             ... with a magic dart
             ... on level 3 of the Dungeon.
             The game lasted 00:03:57 (2006 turns).

bande the Covered (Gargoyle Fighter)                Turns: 2006, Time: 00:03:58

Health: -2/33      AC: 13    Str: 20    XL:     5   Next: 20%
Magic:  5/5        EV:  7    Int:  9    God:
Gold:   39         SH:  5    Dex:  9    Spells: 4/4 levels left

rFire   . . .      SeeInvis .   a - +0 war axe
rCold   . . .      Faith    .   c - +1 buckler
rNeg    + . .      Spirit   .   i - +0 chain mail
rPois   ∞          Reflect  .   (no helmet)
rElec   +          Harm     .   (no cloak)
rCorr   .          Rampage  .   (no gloves)
Will    .....                   (no boots)
Stlth   ..........              (no amulet)
HPRegen 0.11/turn               (no ring)
MPRegen 0.09/turn               (no ring)

@: no status effects
A: sickness immunity, AC +4, negative energy resistance 1, electricity
resistance, torment resistance 1, petrification resistance
a: no special abilities


You were on level 3 of the Dungeon.
You visited 1 branch of the dungeon, and saw 3 of its levels.

You collected 39 gold pieces.

Inventory:

Hand Weapons
 a - a +0 war axe (weapon)
Armour
 c - a +1 buckler (worn)
 i - a +0 chain mail (worn)
Scrolls
 b - a scroll of brand weapon {unknown}
 e - a scroll of enchant armour
 f - a scroll of vulnerability {unknown}
 g - a scroll of fear {unknown}
 j - a scroll of enchant weapon {unknown}
Potions
 d - a potion of might
 h - a potion of curing {unknown}


   Skills:
 + Level 4.0 Fighting
 + Level 3.5 Axes
 + Level 4.2 Armour
 + Level 3.6 Shields


You had 4 spell levels left.
You didn't know any spells.
Your spell library was empty.

Dungeon Overview and Level Annotations

Branches:
Dungeon (3/15)

Altars:
Nemelex Xobeh


Innate Abilities, Weirdness & Mutations

You are immune to sickness and miasma.
Your stone body is resilient. (AC +4)
You are immune to poison.
You resist negative energy. (rN+)
You are resistant to electric shocks. (rElec)
You are resistant to unholy torment.
You are immune to petrification.


Message History

Something hits you but does no damage. The orc hits you with a +0 hand axe.
Something hits you but does no damage. Something hits you.
Unknown command.
You barely miss the orc. You closely miss something. You barely miss something.
You block the orc's attack. Something hits you.
* * * LOW HITPOINT WARNING * * *
Something hits you but does no damage. The orc hits you but does no damage.
Something hits you but does no damage.
You slash the orc!
You kill the orc!
You closely miss something. x2; Something hits you but does no damage.
You hear some strange, mumbled words.
A puff of flame appears from out of thin air!
The puff of flame misses you. Something hits you but does no damage.
You hear some strange, mumbled words.
A magic dart appears from out of thin air!
The magic dart hits you.
* * * LOW HITPOINT WARNING * * *
Things that are here:
a +0 hand axe; a +0 whip; an orc corpse You miss something.
You hit something. You block something's attack.
Something hits you but does no damage. Something hits you.
* * * LOW HITPOINT WARNING * * *
Something hits you but does no damage.
You slash something!
Reactivating autopickup.
You feel a bit more experienced.
You miss something. Something hits you but does no damage.
Deactivating autopickup; reactivate with Ctrl-A.
Your Fighting skill increases to level 4!
You have reached level 5!
You miss something.
Something hits you but does no damage. x2
You miss something. Something hits you but does no damage.
You barely miss something. Something completely misses you.
You barely miss something. Something hits you but does no damage.
You hear some strange, mumbled words.
A magic dart appears from out of thin air!
The magic dart hits you!
You die...

#### ##### #..
#...# #.# ####
###.#.####.###.....
#.(........@)...#
#....)......{...#
#.#.#.###.####..#
######'#.#.# #.# .#
.........#.# ... #
.........#.###.##
.....[.........#
........##.###.#
........##.# ###


There were no monsters in sight!

Vanquished Creatures
  A hound (D:2)
  Natasha (D:2)
  An orc wizard (D:3)
  An adder (D:2)
  A worm (D:2)
  A dart slug (D:2)
  3 orcs (D:3)
  5 endoplasms
  2 goblins
  3 hobgoblins
  3 jackals (D:1)
  4 quokkas
  4 ball pythons
  5 bats
  2 frilled lizards
  A kobold (D:1)
  4 rats
42 creatures vanquished.

Vanquished Creatures (others)
  4 plants (D:2)
4 creatures vanquished.

Grand Total: 46 creatures vanquished

Notes
Turn   | Place    | Note
-------+----------+-------------------------------------------
     0 | D:1      | bande the Gargoyle Fighter began the quest for the Orb.
     0 | D:1      | Reached XP level 1. HP: 14/14 MP: 1/1
   296 | D:1      | Reached XP level 2. HP: 19/19 MP: 2/2
   709 | D:1      | Reached XP level 3. HP: 22/23 MP: 3/3
  1236 | D:2      | Noticed Natasha
  1248 | D:2      | Reached XP level 4. HP: 12/29 MP: 4/4
  1249 | D:2      | Killed Natasha
  1541 | D:2      | Found a sparkling altar of Nemelex Xobeh.
  2003 | D:3      | Reached XP level 5. HP: 5/33 MP: 5/5
  2006 | D:3      | Killed from afar by an orc wizard

Illustrated notes

Levels and vault maps discovered:
D:1:      sevenhm_arrival_forest_fort_large_1, layout_rooms, serial_bayou_pond_a
D:2:      layout_loops_ring, serial_forest, infiniplex_forest_straight_3,
          infiniplex_forest_lined_room_2, infiniplex_forest_straight_2,
          infiniplex_forest_corner_1, infiniplex_forest_clump_long,
          infiniplex_forest_corner_1, basic_altar, grunt_ministairs_12,
          hangedman_decor_push, uniq_natasha
D:3:      kb_forest_paths, layout_basic, serial_shops,
          nicolae_shop_behind_doors, nicolae_shop_trees, uniq_ijyb,
          uniq_jessica, uniq_terence, uniq_sigmund, uniq_crazy_yiuf_cottage

Skill      XL: |  1  2  3  4 |
---------------+-------------+-----
Axes           | 2 3 |  3.5
Armour         | 4 |  4.2
Fighting       | 4 |  4.0
Shields        | |  3.6

Action                   |  1- 3 |  4- 6 || total
-------------------------+-------+-------++-------
Melee: War axe           |    93 |    46 ||   139
  Use: Scroll            |     4 |       ||     4
Armor: Scale mail        |    66 |     1 ||    67
       Chain mail        |       |    34 ||    34
Dodge: Dodged            |    52 |    18 ||    70
Block: Buckler           |    15 |    16 ||    31

Table legend: (Time is in decaauts)
 A = Elapsed time spent in this place.
 B = Non-inter-level travel time spent in this place.
 C = Inter-level travel time spent in this place.
 D = Time resting spent in this place.
 E = Time spent auto-exploring this place.
 F = Levels seen in this place.
 G = Mean time per level.
                   A        B        C        D        E       F      G
               +--------+--------+--------+--------+--------+-----+--------+
         Total |   2064 |   2034 |     30 |    119 |   1456 |   3 |  688.0 |
       Dungeon |   2064 |   2034 |     30 |    119 |   1456 |   3 |  688.0 |
               +--------+--------+--------+--------+--------+-----+--------+

Top non-repeatable levels by time:
     D:1: 1058 daAuts
     D:2: 946 daAuts
     D:3: 59 daAuts
